[Event "*** Qualifier 2: Titled Tuesday 3|2 Blitz"]
[Site "Chess.com"]
[Date "2017.04.11"]
[Round "8"]
[White "jeaston1"]
[Black "jcgs1030"]
[Result "0-1"]
[WhiteElo "2088"]
[BlackElo "2290"]
[TimeControl "180+2"]
[EndTime "14:49:42 PDT"]
[Termination "jcgs1030 won by resignation"]

1. d4 Nf6 2. c4 c5 3. d5 e6 4. Nc3 exd5 5. cxd5 d6 6. e4 g6 7. f4 Bg7 8. Bb5+ Nfd7 9. Nf3 O-O 10. O-O Na6 11. Kh1 Nc7 12. Bd3 Re8 13. f5 b6 14. Bg5 Bf6 15. Bxf6 Qxf6 16. fxg6 hxg6 17. Qd2 Qg7 18. Ng5 Ne5 19. Bb5 Re7 20. Bc6 Rb8 21. Rf4 b5 22. Raf1 b4 23. Na4 Ba6 24. Rc1 Nd3 25.
Rf3 Nxc1 26. Qxc1 Bb5 27. Nxc5 Bxc6 0-1

[Event "*** Qualifier 2: Titled Tuesday 3|2 Blitz"]
[Site "Chess.com"]
[Date "2017.04.11"]
[Round "8"]
[White "GianmarcoVaR"]
[Black "bilelou"]
[Result "1-0"]
[WhiteElo "2487"]
[BlackElo "2349"]
[TimeControl "180+2"]
[EndTime "14:51:17 PDT"]
[Termination "GianmarcoVaR won by resignation"]

1. d4 d5 2. Nf3 e6 3. Bf4 Nf6 4. e3 c5 5. c3 Nc6 6. Nbd2 Bd6 7.
Bg3 b6 8. Bb5 Bb7 9. Qa4 Qc7 10.
Bxd6 Qxd6 11. Ne5 Rc8 12. Qxa7 Rc7 13. Qxb6 cxd4 14. exd4 O-O 15. Ndf3 Ne4 16. Bd3 f6 17. Nxc6 Bxc6 18. Qb4 Rb7 19. Qxd6 Nxd6 20. b3 Re8 21.
Kd2 e5 22. Ne1 e4 23. Be2 f5 24. g3 Rc7 25. h4 Bd7 26. Ng2 Rec8 27. Rhc1 e3+ 28.
Nxe3 Ne4+ 29. Ke1 Nxc3 30. Bf3 Be6 31. Rc2 1-0

[Event "*** Qualifier 2: Titled Tuesday 3|2 Blitz"]
[Site "Chess.com"]
[Date "2017.04.11"]
[Round "8"]
[White "rpragchess"]
[Black "MorpheusPro"]
[Result "1-0"]
[WhiteElo "2200"]
[BlackElo "2158"]
[TimeControl "180+2"]
[EndTime "14:51:28 PDT"]
[Termination "rpragchess won by checkmate"]

1. e4 c6 2. c4 d5 3. exd5 cxd5 4. d4 Nf6 5. Nc3 Nc6 6. Nf3 Bg4 7.
cxd5 Nxd5 8. Qb3 Bxf3 9. gxf3 e6 10. Qxb7 Nxd4 11. Bb5+ Nxb5 12. Qc6+ Ke7 13. Qb7+ Nbc7 14. Nxd5+ exd5 15. Bf4 Kd7 16. Bxc7 Qxc7 17. Qxd5+ Bd6 18.
Qxf7+ Kc8 19. Qf5+ Kb8 20. O-O Bxh2+ 21. Kg2 Qe5 22. Qd7 Bf4 23. Rfd1 Qg5+ 24. Kf1 Rf8 25. Rd5 Be5 26. Rb5# 1-0

[Event "*** Qualifier 2: Titled Tuesday 3|2 Blitz"]
[Site "Chess.com"]
[Date "2017.04.11"]
[Round "8"]
[White "Robin-Side"]
[Black "brauliocuarta"]
[Result "0-1"]
[WhiteElo "2368"]
[BlackElo "2061"]
[TimeControl "180+2"]
[EndTime "14:51:28 PDT"]
[Termination "brauliocuarta won by resignation"]

1. e4 c5 2. Nf3 e6 3. d4 cxd4 4.
Nxd4 a6 5. Nc3 Qc7 6. Be2 b5 7. O-O Bb7 8. Bd3 Nf6 9. Qe2 d6 10. Bg5 Be7 11. Rad1 Nbd7 12. Rfe1 O-O 13. a3 Rac8 14.
Kh1 h6 15. Bh4 Ne5 16. f4 Nc4 17. Bxc4 Qxc4 18. Qxc4 Rxc4 19. e5 dxe5 20. fxe5 Nd5 21. Bxe7 Nxe7 22. Nf3 Nd5 23. Nxd5 Bxd5 24. c3 Rfc8 25.
Rd2 a5 26. Red1 b4 27. axb4 axb4 28. cxb4 Rxb4 29. Rc1 Rxc1+ 0-1

[Event "*** Qualifier 2: Titled Tuesday 3|2 Blitz"]
[Site "Chess.com"]
[Date "2017.04.11"]
[Round "8"]
[White "chessking2151"]
[Black "chesstatour"]
[Result "1-0"]
[WhiteElo "2326"]
[BlackElo "1945"]
[TimeControl "180+2"]
[EndTime "14:51:31 PDT"]
[Termination "chessking2151 won on time"]

1. e4 c6 2. d4 d5 3. e5 Bf5 4. Nf3 e6 5. c3 c5 6. Nbd2 Qb6 7. a4 Nc6 8. Bb5 a6 9. Bxc6+ bxc6 10.
O-O c4 11. Ne1 Ne7 12. b4 cxb3 13. Nxb3 Ng6 14. Ba3 Bxa3 15. Rxa3 h5 16. Nc5 Rb8 17. Rb3 Qa7 18. a5 O-O 19. Qxh5 Nxe5 20. Rxb8 Qxb8 21. dxe5 Rd8 22. Qe2 1-0

[Event "*** Qualifier 2: Titled Tuesday 3|2 Blitz"]
[Site "Chess.com"]
[Date "2017.04.11"]
[Round "8"]
[White "Tolya2"]
[Black "FearNoEvil12"]
[Result "1-0"]
[WhiteElo "2309"]
[BlackElo "2081"]
[TimeControl "180+2"]
[EndTime "14:51:33 PDT"]
[Termination "Tolya2 won by checkmate"]

1. Nf3 b5 2. d4 a6 3. Bf4 Bb7 4.
e3 Nf6 5. a4 b4 6. c4 bxc3 7. bxc3 e6 8. Nbd2 d6 9. Rb1 Qc8 10. Be2 Nbd7 11. O-O h6 12. h3 g5 13. Bh2 g4 14. hxg4 Nxg4 15. Bg3 Rg8 16. Qb3 Rb8 17.
Qc2 Nxe3 18. fxe3 Rxg3 19. Ne4 Rg4 20. Nfd2 Rg6 21. Bf3 Be7 22. Rf2 Nf6 23. Rbf1 Nd5 24. Qd3 Kd7 25. Bh5 Rg7 26. Rxf7 Rxf7 27. Rxf7 Qh8 28.
c4 Nb4 29. Qb3 Bxe4 30. Nxe4 Nc6 31. Qd1 Rb2 32. Qg4 Qd8 33. d5 Ne5 34. Qxe6+ Ke8 35. Rg7+ Kf8 36. Rg8# 1-0

[Event "*** Qualifier 2: Titled Tuesday 3|2 Blitz"]
[Site "Chess.com"]
[Date "2017.04.11"]
[Round "8"]
[White "Gabix_94"]
[Black "Feegus"]
[Result "1-0"]
[WhiteElo "2529"]
[BlackElo "2374"]
[TimeControl "180+2"]
[EndTime "14:51:39 PDT"]
[Termination "Gabix_94 won by resignation"]

1. e4 e6 2. d4 d5 3. Nc3 Nf6 4. Bg5 Be7 5. e5 Nfd7 6. h4 O-O 7.
Bd3 c5 8. Nh3 f6 9. Nf4 Nxe5 10.
dxe5 fxe5 11. Qh5 e4 12. Nxe4 dxe4 13. Bxe4 Rf5 14. Bxf5 exf5 15. Rd1 Qf8 16. Qe2 Nc6 17. Bxe7 Nxe7 18. Rh3 Nc6 19. h5 Nd4 20. Qc4+ Kh8 21. Ng6+ 1-0

[Event "*** Qualifier 2: Titled Tuesday 3|2 Blitz"]
[Site "Chess.com"]
[Date "2017.04.11"]
[Round "8"]
[White "MartinMatthiesen"]
[Black "StarkAst"]
[Result "0-1"]
[WhiteElo "2251"]
[BlackElo "2341"]
[TimeControl "180+2"]
[EndTime "14:51:41 PDT"]
[Termination "StarkAst won by resignation"]

1. d4 d5 2. c4 e6 3. Nc3 c6 4. Nf3 Nf6 5. Bg5 dxc4 6. e4 b5 7.
e5 h6 8. Bh4 g5 9. Nxg5 hxg5 10. Bxg5 Nbd7 11. exf6 Bb7 12. g3 c5 13. d5 Nb6 14.
Bg2 Bxd5 15. Nxd5 Nxd5 16. O-O Bh6 17. Qc1 Bxg5 18. Qxg5 Qd6 19. a4 b4 20. Rac1 c3 21.
bxc3 bxc3 22. Bxd5 Qxd5 23. Qg7 Qh5 24. h4 O-O-O 25. Rxc3 Rdg8 26. Rxc5+ Qxc5 27. Qxf7 Rxg3+ 28. Kh2 Rxh4+ 29. Kxg3 Qg5+ 30. Kf3 Rf4+ 31. Ke2 Qe5+ 32. Kd3 Rd4+ 33. Kc2 Qc5+ 34. Kb3 Rb4+ 35. Ka3 Qc3+ 0-1

[Event "*** Qualifier 2: Titled Tuesday 3|2 Blitz"]
[Site "Chess.com"]
[Date "2017.04.11"]
[Round "8"]
[White "Kozok"]
[Black "MasterLeif"]
[Result "1-0"]
[WhiteElo "2290"]
[BlackElo "2294"]
[TimeControl "180+2"]
[EndTime "14:51:47 PDT"]
[Termination "Kozok won by resignation"]

1. e4 Nf6 2. e5 Nd5 3. d4 d6 4. c4 Nb6 5. exd6 exd6 6. Nc3 Be7 7. Be3 O-O 8. Rc1 Nc6 9. Bd3 Bf6 10. Nge2 Bg4 11. f3 Bh5 12. O-O Re8 13. Bf2 d5 14. c5 Nc8 15. Nf4 Bg6 16. Bxg6 hxg6 17. Nfxd5 N8e7 18. Nxf6+ gxf6 19. d5 Ne5 20. Ne4 Kg7 21. f4 Nd7 22. c6 bxc6 23. dxc6 Nb6 24. Nxf6 Rh8 25. Bd4 Kf8 26. Nd7+ Nxd7 27. Bxh8 Nb6 28. Bf6 Qxd1 29. Rfxd1 Ned5 30. Be5 f6 31. Bd4 Nxf4 32. Bxb6 Ne2+ 33.
Kf2 Nxc1 34. Bc5+ 1-0

[Event "*** Qualifier 2: Titled Tuesday 3|2 Blitz"]
[Site "Chess.com"]
[Date "2017.04.11"]
[Round "8"]
[White "PowerThinking2650"]
[Black "XiaoKangZhong"]
[Result "1-0"]
[WhiteElo "2194"]
[BlackElo "1934"]
[TimeControl "180+2"]
[EndTime "14:51:53 PDT"]
[Termination "PowerThinking2650 won by checkmate"]

1. e4 c5 2. Nf3 d6 3. d4 cxd4 4.
Nxd4 Nf6 5. Nc3 a6 6. Be3 e6 7. f3 b5 8. Qd2 Bb7 9. O-O-O Nbd7 10.
g4 Nb6 11. g5 Nfd7 12. a3 Ne5 13. f4 Nec4 14. Bxc4 Nxc4 15. Qd3 Nxe3 16. Qxe3 Be7 17. h4 Rc8 18. h5 e5 19. Nf5 exf4 20. Qd4 Bxg5 21. Qxg7 Bf6 22. Nxd6+ Qxd6 23. Qxh8+ Bxh8 24. Rxd6 Bxc3 25. bxc3 Rxc3 26. Re1 Re3 27. Rxe3 fxe3 28. e5 Bf3 29. h6 Bb7 30. c3 Ke7 31. Kd1 Bf3+ 32.
Ke1 a5 33. Rb6 a4 34. Rxb5 Ke6 35. Rb4 Kxe5 36. Rxa4 f5 37. Ra7 f4 38. Rxh7 Be4 39.
Rf7 f3 40. Rxf3 Bxf3 41. h7 Be4 42. h8=Q+ Kd5 43. Qd4+ Kc6 44. Qxe4+ Kb5 45. Qd4 Ka5 46. Qb4+ Ka6 47. c4 Ka7 48. c5 Ka6 49. Qb6# 1-0

[Event "*** Qualifier 2: Titled Tuesday 3|2 Blitz"]
[Site "Chess.com"]
[Date "2017.04.11"]
[Round "8"]
[White "FairChess_on_YouTube"]
[Black "jefferyx"]
[Result "1-0"]
[WhiteElo "2706"]
[BlackElo "2618"]
[TimeControl "180+2"]
[EndTime "14:51:55 PDT"]
[Termination "FairChess_on_YouTube won by resignation"]

1. d4 Nf6 2. Bg5 d5 3. Nd2 c5 4. dxc5 e6 5. e4 h6 6. Bh4 Bxc5 7. e5 g5 8. Bg3 Nfd7 9. h4 Nc6 10. hxg5 Qxg5 11. Ngf3 Qg7 12. Qe2 Nd4 13. Qd3 Nf5 14. Bf4 h5 15. g3 h4 16. gxh4 Qg4 17. Bg5 Qb4 18. O-O-O Bxf2 19. Bh3 Ng3 20. Bxe6 Nc5 21. Bxf7+ Kxf7 22. e6+ Bxe6 23. Ne5+ Kf8 24. Qf3+ Ke8 25. Qxf2 Nxh1 26. Qf6 Rh7 27. Rf1 1-0

[Event "*** Qualifier 2: Titled Tuesday 3|2 Blitz"]
[Site "Chess.com"]
[Date "2017.04.11"]
[Round "8"]
[White "Sebastian"]
[Black "djano"]
[Result "1-0"]
[WhiteElo "2687"]
[BlackElo "2310"]
[TimeControl "180+2"]
[EndTime "14:52:01 PDT"]
[Termination "Sebastian won by resignation"]

1. e4 g6 2. d4 Bg7 3. Nc3 a6 4.
Be3 b5 5. Qd2 Bb7 6. O-O-O b4 7.
Nd5 a5 8. f3 e6 9. Nf4 Nf6 10.
h4 h5 11. Ngh3 b3 12. cxb3 a4 13. Kb1 axb3 14. a3 d5 15. e5 Nfd7 16. Ng5 Qe7 17. Bd3 Nf8 18. Rc1 c6 19. g4 hxg4 20. fxg4 Nbd7 21.
Rhf1 Nxe5 22. dxe5 Bxe5 23. Nxf7 Qxf7 24. Nxg6 Qg7 25. Nxe5 Qxe5 26. Bd4 Qxd4 27. Bg6+ Nxg6 28. Qxd4 e5 29. Qb6 Rh7 30. Rf6 Nxh4 31. Rfxc6 1-0

[Event "*** Qualifier 2: Titled Tuesday 3|2 Blitz"]
[Site "Chess.com"]
[Date "2017.04.11"]
[Round "8"]
[White "GamayevOleg"]
[Black "TheNextLevelFan"]
[Result "1-0"]
[WhiteElo "2400"]
[BlackElo "2377"]
[TimeControl "180+2"]
[EndTime "14:52:09 PDT"]
[Termination "GamayevOleg won by resignation"]

1. d3 d5 2. e4 dxe4 3. dxe4 Qxd1+ 4. Kxd1 Nc6 5. Nf3 Bg4 6. Be2 O-O-O+ 7. Nfd2 Nf6 8. f3 Be6 9. c3 h5 10. Kc2 h4 11.
Bc4 Bxc4 12. Nxc4 Rh5 13. a4 e6 14. Be3 a6 15. Nbd2 Nd7 16. b4 Be7 17. Rhd1 Nce5 18. Bf4 Ng6 19. Be3 Bg5 20. Rg1 Bxe3 21. Nxe3 Nde5 22.
Ndc4 h3 23. Nxe5 Nxe5 24. f4 Ng6 25. g3 Ne7 26. Rad1 Rxd1 27. Rxd1 g5 28. f5 exf5 29. exf5 f6 30. Rf1 Rh8 31. Ng4 Rf8 32. Kd3 Kd7 33.
Ke4 Nc6 34. Rd1+ Ke7 35. b5 axb5 36. axb5 Na5 37. Ne3 b6 38. Kf3 Nb7 39. Nd5+ Kd6 40. Nxb6+ Ke7 41. Rd7+ 1-0

[Event "*** Qualifier 2: Titled Tuesday 3|2 Blitz"]
[Site "Chess.com"]
[Date "2017.04.11"]
[Round "8"]
[White "ruvat"]
[Black "woodhy"]
[Result "1-0"]
[WhiteElo "2230"]
[BlackElo "2130"]
[TimeControl "180+2"]
[EndTime "14:52:15 PDT"]
[Termination "ruvat won by resignation"]

1. d4 Nf6 2. c4 e6 3. g3 Bb4+ 4. Bd2 Qe7 5. Nf3 O-O 6. Bg2 d5 7. Qc2 b6 8. a3 Bxd2+ 9. Nbxd2 Bb7 10. O-O Nbd7 11. b4 c5 12. bxc5 bxc5 13. Rab1 Nb6 14. cxd5 cxd4 15. dxe6 fxe6 16. Nxd4 Bxg2 17. Kxg2 Qxa3 18.
Nxe6 Rfe8 19. Nd4 Qd6 20. Qb3+ Kh8 21. e3 Ng4 22. N2f3 Nd5 23. Nf5 Qe6 24. N3d4 Qe4+ 25.
Kg1 Ne5 26. Nd6 Qg4 27. Qxd5 1-0

[Event "*** Qualifier 2: Titled Tuesday 3|2 Blitz"]
[Site "Chess.com"]
[Date "2017.04.11"]
[Round "8"]
[White "nickmatta"]
[Black "Aragon"]
[Result "1-0"]
[WhiteElo "2287"]
[BlackElo "2101"]
[TimeControl "180+2"]
[EndTime "14:52:17 PDT"]
[Termination "nickmatta won by checkmate"]

1. d4 d5 2. c4 e6 3. Nf3 c6 4. Qc2 dxc4 5. Qxc4 b5 6. Qc2 Bb7 7. g3 a6 8. Bg2 Nd7 9. O-O c5 10. Rd1 c4 11. a4 Ngf6 12. axb5 axb5 13. Rxa8 Qxa8 14. Nc3 Bc6 15. d5 exd5 16. Nd4 Be7 17. Nxc6 Qxc6 18. Nxd5 Nxd5 19. Bxd5 Qc8 20. Qe4 Nf6 21.
Bc6+ Kf8 22. Qf3 b4 23. Bb7 Qe6 24. Bf4 h5 25. Ra1 Kg8 26. Ra6 Qd7 27. Ra8+ Kh7 28. Be4+ Nxe4 29. Qxh5# 1-0

[Event "*** Qualifier 2: Titled Tuesday 3|2 Blitz"]
[Site "Chess.com"]
[Date "2017.04.11"]
[Round "8"]
[White "pastouche06"]
[Black "alturas_pacificas"]
[Result "0-1"]
[WhiteElo "2295"]
[BlackElo "2153"]
[TimeControl "180+2"]
[EndTime "14:52:22 PDT"]
[Termination "alturas_pacificas won by resignation"]

1. c4 c6 2. Nf3 d5 3. d4 Nf6 4. e3 e6 5. b3 Nbd7 6. Bb2 Bb4+ 7.
Nbd2 Ne4 8. Bd3 Ndf6 9. O-O O-O 10. Qc2 Nxd2 11. Nxd2 h6 12. a3 Be7 13. f3 c5 14.
Rae1 dxc4 15. Nxc4 b6 16. dxc5 Bxc5 17. b4 Be7 18. e4 Bb7 19. Qe2 Rc8 20. Rd1 Qe8 21.
e5 Nd5 22. Qe4 g6 23. Nd6 Qd7 24. Nxc8 Rxc8 25. Qd4 Qa4 26. Rc1 Rxc1 27. Rxc1 Bg5 28. Re1 Qb3 29. Bc1 Bxc1 30. Rxc1 Qxa3 31. b5 Qxc1+ 0-1

[Event "*** Qualifier 2: Titled Tuesday 3|2 Blitz"]
[Site "Chess.com"]
[Date "2017.04.11"]
[Round "8"]
[White "sorito"]
[Black "luisgui16"]
[Result "1-0"]
[WhiteElo "2292"]
[BlackElo "2126"]
[TimeControl "180+2"]
[EndTime "14:52:29 PDT"]
[Termination "sorito won by resignation"]

1. d4 d5 2. Nf3 Nc6 3. Bf4 Bg4 4. e3 Nf6 5. Be2 e6 6. h3 Bh5 7. O-O Bd6 8. Nbd2 Bxf4 9. exf4 Ne4 10. c3 Qf6 11. Ne5 Bxe2 12. Qxe2 Qxf4 13. Nxe4 dxe4 14.
Qb5 O-O 15. Nxc6 bxc6 16. Qxc6 Rab8 17. b4 Rb6 18. Qc4 Rd8 19. Rae1 f5 20. f3 exf3 21. Rxf3 Qd6 22. Rxf5 Rc6 23. Rc5 Rxc5 24. bxc5 Qc6 25. Qxe6+ Qxe6 26. Rxe6 Rb8 27. Ra6 Rb7 28. c6 Rb6 29.
Rxb6 axb6 30. a4 Kf7 31. c4 Ke6 32. c5 bxc5 33. dxc5 Kd5 34. Kf2 Kxc6 35. Ke3 Kxc5 36. Ke4 Kb4 37. Kd5 Kxa4 38. Kc6 Kb4 39. Kxc7 Kc4 40.
Kd7 Kd4 41. Ke6 Ke3 42. Kf7 Kf2 43. Kxg7 Kxg2 44. h4 Kf3 45. h5 Kf4 46. Kxh7 Kf5 47. h6 Kf6 48. Kg8 1-0

[Event "*** Qualifier 2: Titled Tuesday 3|2 Blitz"]
[Site "Chess.com"]
[Date "2017.04.11"]
[Round "8"]
[White "GMHess"]
[Black "Fandorine"]
[Result "0-1"]
[WhiteElo "2614"]
[BlackElo "2666"]
[TimeControl "180+2"]
[EndTime "14:52:36 PDT"]
[Termination "Fandorine won by resignation"]

1. d4 Nf6 2. c4 e6 3. Nc3 Bb4 4. Qc2 O-O 5. a3 Bxc3+ 6. Qxc3 b6 7. Nf3 Bb7 8. g3 a5 9. Bg2 a4 10. O-O d6 11. Bf4 Nbd7 12. Rad1 Qe7 13. Bh3 h6 14. Bc1 Rfe8 15. Rfe1 e5 16. Nh4 exd4 17. Rxd4 Ne4 18. Qc2 Qf6 19. Be3 Ng5 20. Bxd7 Rxe3 21. fxe3 Qe7 22.
Qc3 Qxd7 23. e4 Bxe4 24. Nf3 Qh3 25. Qe3 Re8 26. Rd2 Bc6 27. Qf2 Bxf3 0-1

[Event "*** Qualifier 2: Titled Tuesday 3|2 Blitz"]
[Site "Chess.com"]
[Date "2017.04.11"]
[Round "8"]
[White "MITerryble"]
[Black "Iball95"]
[Result "1-0"]
[WhiteElo "2647"]
[BlackElo "2539"]
[TimeControl "180+2"]
[EndTime "14:52:57 PDT"]
[Termination "MITerryble won by resignation"]

1. d4 Nf6 2. Nf3 e6 3. c4 c5 4. g3 cxd4 5. Nxd4 d5 6. Bg2 e5 7. Nf3 d4 8. O-O Nc6 9. e3 Bc5 10. exd4 exd4 11. Re1+ Be6 12. Ng5 O-O 13. Nxe6 fxe6 14.
Nd2 d3 15. Nb3 Bd4 16. Rxe6 Bxf2+ 17. Kxf2 Nd4 18. Re3 Ng4+ 19. Kg1 Ne2+ 20. Rxe2 dxe2 21. Qxe2 Qf6 22. Bf4 Nh6 23. Re1 Rad8 24. Bd5+ Kh8 25. Nc5 Nf5 26. Ne6 Rde8 27. Qe5 Qg6 28. Nxf8 Rxf8 29.
c5 h5 30. Bxb7 Nh4 31. Be4 Rf5 32. Bxf5 Nf3+ 33. Kf2 Qc6 34. Qb8+ 1-0

[Event "*** Qualifier 2: Titled Tuesday 3|2 Blitz"]
[Site "Chess.com"]
[Date "2017.04.11"]
[Round "8"]
[White "FelixBlohberger"]
[Black "Lector118"]
[Result "0-1"]
[WhiteElo "2252"]
[BlackElo "2439"]
[TimeControl "180+2"]
[EndTime "14:53:12 PDT"]
[Termination "Lector118 won on time"]

1. c4 Nf6 2. Nc3 g6 3. e4 d6 4. d4 Bg7 5. Be2 O-O 6. Be3 Nbd7 7. d5 c5 8. h3 b5 9. cxb5 a6 10. a4 Qa5 11. Qd2 axb5 12. Bxb5 Ba6 13. f3 Ne5 14. b3 Rfb8 15. Rc1 c4 16. bxc4 Nxc4 17. Bxc4 Bxc4 18. Nge2 Nd7 19. O-O Bxc3 20. Nxc3 Bxf1 21. Rxf1 Rb3 22.
Bd4 Rc8 23. Qh6 f6 24. Ne2 Qxa4 25. Bf2 Ne5 26. Nf4 Nf7 27. Qh4 Nd8 28. Qh6 Qe8 29. Qh4 Rc2 0-1

[Event "*** Qualifier 2: Titled Tuesday 3|2 Blitz"]
[Site "Chess.com"]
[Date "2017.04.11"]
[Round "8"]
[White "Saitama_Hero"]
[Black "Winehouse83"]
[Result "0-1"]
[WhiteElo "2180"]
[BlackElo "2322"]
[TimeControl "180+2"]
[EndTime "14:53:27 PDT"]
[Termination "Winehouse83 won by resignation"]

1. d4 Nf6 2. c4 g6 3. Nc3 Bg7 4.
e4 d6 5. Nf3 O-O 6. Be2 e5 7.
O-O Nc6 8. d5 Ne7 9. b4 a5 10.
bxa5 Nd7 11. a4 Rxa5 12. Ba3 h6 13. Bb4 Ra8 14. a5 f5 15. Nd2 Nf6 16. c5 fxe4 17. Ndxe4 Nf5 18. cxd6 cxd6 19. Nxf6+ Bxf6 20. Ne4 Be7 21.
Bg4 Kg7 22. Rc1 h5 23. Bh3 Bd7 24. f4 Ne3 25. Qb3 Nxf1 26. fxe5 Bxh3 27. exd6 Bg5 28.
Rc7+ Rf7 29. Bc3+ Kg8 30. Qxb7 Be3+ 31. Kh1 Bd7 32. Nf6+ Rxf6 33. Rxd7 Ng3+ 34. hxg3 Rf1+ 35.
Kh2 Bg1+ 36. Kh3 Qc8 37. Qxc8+ Rxc8 38. Rg7+ Kf8 39. d7 Rd8 40. Rh7 Bd4 41. Bb4+ Kg8 0-1

[Event "*** Qualifier 2: Titled Tuesday 3|2 Blitz"]
[Site "Chess.com"]
[Date "2017.04.11"]
[Round "8"]
[White "sergiochess83"]
[Black "EvgenyT"]
[Result "1/2-1/2"]
[WhiteElo "2613"]
[BlackElo "2588"]
[TimeControl "180+2"]
[EndTime "14:53:32 PDT"]
[Termination "Game drawn by agreement"]

1. e4 e5 2. Nf3 Nc6 3. Bb5 a6 4. Ba4 Nf6 5. O-O Be7 6. Re1 b5 7. Bb3 O-O 8. c3 d6 9. h3 Nb8 10. d4 Nbd7 11. Nbd2 Bb7 12. Bc2 Re8 13. Nf1 Bf8 14.
Ng3 g6 15. b3 Bg7 16. d5 Qb8 17. Rb1 c6 18. c4 Qc7 19. Bd3 Nc5 20. Bf1 bxc4 21. bxc4 a5 22. Ba3 Nfd7 23. Qc2 Reb8 24. Red1 Bc8 25. Ne2 Rxb1 26. Rxb1 Rb8 27. Nc3 Rxb1 28.
Qxb1 Bb7 29. Nd2 Bh6 30. Nb3 Nxb3 31. Qxb3 Nc5 32. Bxc5 dxc5 33. dxc6 Bxc6 34. Nd5 Qb7 35. Qc3 Bxd5 36. cxd5 Qc7 37. Bc4 Bf8 38. Qb3 Bd6 39. Qb5 h5 40. h4 Kg7 41. g3 Qb8 42. Qxb8 1/2-1/2

[Event "*** Qualifier 2: Titled Tuesday 3|2 Blitz"]
[Site "Chess.com"]
[Date "2017.04.11"]
[Round "8"]
[White "Alexander_Moskalenko"]
[Black "Cayse"]
[Result "0-1"]
[WhiteElo "2646"]
[BlackElo "2624"]
[TimeControl "180+2"]
[EndTime "14:53:34 PDT"]
[Termination "Cayse won by resignation"]

1. d4 Nf6 2. Nf3 e6 3. e3 d5 4. Bd3 Be7 5. O-O O-O 6. Nbd2 b6 7. c3 Bb7 8. Ne5 Nbd7 9. f4 Ne4 10. Nxd7 Qxd7 11. Nxe4 dxe4 12. Bc4 Rad8 13. Qe2 c5 14. a4 Bd5 15. a5 Bxc4 16. Qxc4 b5 17. Qe2 cxd4 18. exd4 f5 19. Be3 a6 20. b3 Bf6 21. Rfd1 Qc6 22. c4 bxc4 23. bxc4 Rd7 24. Rab1 Rc8 25. c5 Rcd8 26. Rb6 Qa4 27. c6 Rxd4 28.
Rc1 Qxa5 29. Qxa6 Rd1+ 30. Rxd1 Rxd1+ 31. Qf1 Rxf1+ 32. Kxf1 Bd8 33. Rb7 Qa6+ 34. Kf2 Qxc6 35. Rb8 Qc7 36. Ra8 h6 37. g3 Kh7 38. Ra2 Qc6 39. Rd2 Bb6 40. Re2 Bxe3+ 41. Rxe3 Qc5 42.
h3 h5 43. Ke2 Qc2+ 44. Ke1 h4 45. gxh4 Qc1+ 46. Kf2 Qxe3+ 47. Kxe3 Kh6 48. Kf2 Kh5 49. Kg3 g6 50. Kg2 Kxh4 51. Kh2 e3 52. Kg2 e2 53.
Kf2 Kxh3 54. Kxe2 Kg3 55. Ke3 Kg4 0-1

[Event "*** Qualifier 2: Titled Tuesday 3|2 Blitz"]
[Site "Chess.com"]
[Date "2017.04.11"]
[Round "8"]
[White "likantrophuss"]
[Black "Gabrielian_Artur"]
[Result "0-1"]
[WhiteElo "2395"]
[BlackElo "2600"]
[TimeControl "180+2"]
[EndTime "14:53:38 PDT"]
[Termination "Gabrielian_Artur won on time"]

1. e4 c5 2. Nf3 Nc6 3. Bb5 g6 4. O-O Bg7 5. c4 Nf6 6. Nc3 O-O 7. d3 d6 8. h3 Bd7 9. Bxc6 Bxc6 10. Be3 a6 11.
Qd2 b5 12. b3 b4 13. Ne2 a5 14. Rac1 a4 15. Bh6 axb3 16. axb3 Ra3 17. Bxg7 Kxg7 18.
Rb1 Qa8 19. Nc1 e5 20. Nh4 Nh5 21. Qg5 f6 22. Nf5+ Kh8 23. Qg4 Bd7 24. Qf3 Bxf5 25. g4 Nf4 26. gxf5 gxf5 27. Kh2 Rg8 28. Ne2 Nxe2 29.
Qxe2 fxe4 30. dxe4 f5 31. Rg1 Qxe4 32. Rxg8+ Kxg8 33.
Rg1+ Kh8 34. Qh5 Qf4+ 35. Kh1 Ra8 36. f3 Rf8 37. Rg2 e4 38. fxe4 fxe4 39. h4 e3 0-1

[Event "*** Qualifier 2: Titled Tuesday 3|2 Blitz"]
[Site "Chess.com"]
[Date "2017.04.11"]
[Round "8"]
[White "amaidel"]
[Black "proxy6"]
[Result "1-0"]
[WhiteElo "2442"]
[BlackElo "2201"]
[TimeControl "180+2"]
[EndTime "14:53:38 PDT"]
[Termination "amaidel won by resignation"]

1. e4 c5 2. Nf3 d6 3. d4 cxd4 4.
Nxd4 Nf6 5. Nc3 Nc6 6. Bc4 e6 7. Be3 a6 8. Bb3 Bd7 9. Qe2 b5 10. O-O-O Qc7 11. Nxc6 Bxc6 12. Bd4 Be7 13. e5 dxe5 14. Bxe5 Qb7 15. f3 O-O 16. Kb1 Rfd8 17. Rxd8+ Rxd8 18. Rd1 Qc8 19. a3 Nd7 20. Bd6 Bxd6 21.
Rxd6 Nc5 22. Qd2 Rxd6 23. Qxd6 Nxb3 24. cxb3 Qd7 25. Qxd7 Bxd7 26. b4 Bc6 27. Kc2 Kf8 28.
Kd3 Ke7 29. Ne2 Kd6 30. Nc1 Bd5 31. Ke3 Bc4 32. b3 Bd5 33. Nd3 Kc7 34. Nc5 Kb6 35.
Kd4 f6 36. Nd7+ Kc7 37. Nc5 Kb6 38. a4 h6 39. a5+ Kc6 40. Nxa6 Bxb3 41. Nc5 Bd5 42.
Ke3 e5 43. g4 g6 44. f4 Kd6 45. h4 f5 46. g5 hxg5 47. hxg5 exf4+ 48. Kxf4 Bc6 49. Nd3 Kd5 50. Ke3 Ba8 51. Nf4+ Kc4 52. Nxg6 Kxb4 53. Ne7 Kxa5 54. g6 b4 55. g7 b3 56.
g8=Q 1-0

[Event "*** Qualifier 2: Titled Tuesday 3|2 Blitz"]
[Site "Chess.com"]
[Date "2017.04.11"]
[Round "8"]
[White "FancyPlaySyndrome"]
[Black "Generalas"]
[Result "1-0"]
[WhiteElo "2390"]
[BlackElo "2210"]
[TimeControl "180+2"]
[EndTime "14:53:42 PDT"]
[Termination "FancyPlaySyndrome won by resignation"]

1. e4 e5 2. Nf3 Nc6 3. Bb5 a6 4.
Ba4 Nf6 5. O-O Be7 6. Re1 b5 7. Bb3 O-O 8. c3 d5 9. exd5 Nxd5 10. Nxe5 Nxe5 11. Rxe5 c6 12. d4 Bd6 13. Re1 Qh4 14.
g3 Qh3 15. Qd3 Bf5 16. Qf1 Rae8 17. Be3 Qh5 18. Bd1 Qg6 19. Nd2 c5 20. Bf3 Nxe3 21. fxe3 Bd3 22. Qg2 f5 23. a4 Qg5 24. axb5 axb5 25.
Bc6 Rd8 26. Nb3 c4 27. Nd2 b4 28. Bd5+ Kh8 29. Bxc4 bxc3 30. bxc3 Be4 31. Nxe4 fxe4 32. Bf1 Rf3 33. Qe2 Rdf8 34. Bg2 Bxg3 35. hxg3 Qxg3 36. Rf1 h5 37. d5 h4 38. Kh1 Rf2 39. Rxf2 Rxf2 40.
Qh5+ Kg8 41. Ra8+ Rf8 42. Rxf8+ Kxf8 43. Qf5+ Kg8 44. Bxe4 Qe1+ 45. Kg2 Qg3+ 46. Kf1 h3 47. d6 Qxd6 48. Qd5+ Qxd5 49. Bxd5+ 1-0

[Event "*** Qualifier 2: Titled Tuesday 3|2 Blitz"]
[Site "Chess.com"]
[Date "2017.04.11"]
[Round "8"]
[White "biostatistician"]
[Black "Vamostodorecto"]
[Result "1/2-1/2"]
[WhiteElo "2434"]
[BlackElo "2350"]
[TimeControl "180+2"]
[EndTime "14:53:50 PDT"]
[Termination "Game drawn by repetition"]

1. d4 d5 2. Nf3 Nc6 3. Bf4 Bg4 4.
Nbd2 e6 5. h3 Bh5 6. e3 Bd6 7.
Bxd6 Qxd6 8. Bd3 Nge7 9. O-O f5 10. c4 g5 11. Qb3 g4 12. hxg4 fxg4 13. Ne5 Nxe5 14.
dxe5 Qxe5 15. Qxb7 O-O 16. cxd5 Nxd5 17. Nc4 Qg5 18.
Qc6 Rae8 19. Rae1 Re7 20. Qc5 Rg7 21. Qd4 g3 22. fxg3 Rxf1+ 23. Rxf1 Qxg3 24. Be4 c6 25. Rf2 Bg6 26. Bf3 h5 27. Ne5 h4 28. Nxg6 Rxg6 29. Qxa7 h3 30. Bxd5 h2+ 31. Kh1 Qxf2 32. Qb8+ Kg7 33.
Qe5+ Rf6 34. Qc7+ Rf7 35. Qe5+ Rf6 36. Qc7+ Kf8 37. Qd6+ Kg7 38. Qc7+ Rf7 39. Qe5+ Rf6 40. Qc7+ 1/2-1/2